 Dungeon Crawl Stone Soup version 0.31-a0-234-gad7ace16ef (webtiles) character file.

Game seed: 16668921338150903475

21 qw the Shooter (level 2, 0/24 HPs)
             Began as a Minotaur Hexslinger on July 9, 2023.
             Frozen to death by an endoplasm (5 damage)
             ... on level 1 of the Dungeon.
             The game lasted 00:00:08 (148 turns).

qw the Shooter (Minotaur Hexslinger)                 Turns: 148, Time: 00:00:09

Health: 0/24       AC:  2    Str: 12    XL:     2   Next: 62%
Magic:  2/2        EV: 12    Int: 10    God:
Gold:   22         SH:  0    Dex: 12    Spells: 2/3 levels left

rFire   . . .        a - +1 sling
rCold   . . .        (no shield)
rNeg    . . .        c - +0 robe
rPois   .            (helmet restricted)
rElec   .            (no cloak)
rCorr   .            (no gloves)
SInv    .            (no boots)
Will    .....        (no amulet)
Stlth   +            (no ring)
HPRegen 0.24/turn    (no ring)
MPRegen 0.08/turn

%: no passive effects
@: no status effects
A: horns 2, retaliatory headbutt
a: no special abilities


You were on level 1 of the Dungeon.
You visited 1 branch of the dungeon, and saw 1 of its levels.

You collected 22 gold pieces.


Innate Abilities, Weirdness & Mutations

You have a pair of horns on your head.
You reflexively headbutt those who attack you in melee.


   Skills:
 - Level 2.0 Fighting
 + Level 3.2 Ranged Weapons
 - Level 2.1 Dodging
 - Level 1.0 Spellcasting
 - Level 2.0 Hexes


You had 2 spell levels left.
You knew the following spells:

 Your Spells              Type           Power      Damage    Failure   Level
a - Slow                  Hex            16%        N/A       16%         1

Your spell library contained the following spells:

 Spells                   Type           Power      Damage    Failure   Level
 Inner Flame              Hex/Fire       2%         N/A       56%         3
 Portal Projectile        Hex/Tloc       4%         N/A       56%         3
 Cause Fear               Hex            2%         N/A       83%         4

Inventory:

Hand Weapons
 a - a +1 sling (weapon)
Armour
 c - a +0 robe (worn)
Scrolls
 b - a scroll of poison
 e - a scroll of amnesia {unknown}
 f - a scroll of identify {unknown}
Potions
 d - a potion of cancellation {unknown}

Dungeon Overview and Level Annotations

Branches:
Dungeon (1/15)

Altars:


Message History

The quokka bites you.
You shoot a sling bullet.
The sling bullet barely misses the quokka.
The jackal barely misses you. The jackal misses you. You furiously retaliate!
You headbutt the jackal!
You kill the jackal!
The quokka bites you.
You shoot a sling bullet.
The sling bullet barely misses the quokka.
The quokka bites you. The jackal barely misses you. You furiously retaliate!
You headbutt the jackal. You shoot a sling bullet.
The sling bullet barely misses the quokka.
The quokka bites you. The jackal bites you. The quokka misses you.
The jackal bites you.
You shoot a sling bullet. The sling bullet misses the quokka.
The jackal bites you but does no damage.
The quokka closely misses you.
You shoot a sling bullet.
The sling bullet barely misses the quokka.
The jackal barely misses you. The quokka barely misses you.
The jackal bites you but does no damage.
The quokka bites you.
You shoot a sling bullet. The sling bullet hits the quokka.
You kill the quokka!
The jackal bites you. The jackal barely misses you. x2
You shoot a sling bullet.
The sling bullet hits the jackal but does no damage.
The jackal is severely wounded.
The jackal closely misses you. You furiously retaliate!
You headbutt the jackal!
You kill the jackal!
The jackal closely misses you. The endoplasm freezes you.
You are frozen.
You shoot a sling bullet.
The sling bullet closely misses the jackal.
The jackal misses you. The jackal bites you. The endoplasm freezes you.
You are frozen.
You die...

.........# .........#
.........## ........
........). .......
###.#.##.# .....
#....... .....
###..... #..h# ####
##..... #.#J# #..#
##....%.
##.#@####..###.......
#..h........#.(......
#....###...)#........
###...##.##.#........
###.................
#....##.............
#....###............
#....#..............
#....#.##...........


You could see an endoplasm and 2 jackals.

Vanquished Creatures
  2 bats (D:1)
  A giant cockroach (D:1)
  2 goblins (D:1)
  3 hobgoblins (D:1)
  2 jackals (D:1)
  3 quokkas (D:1)
  2 ball pythons (D:1)
  3 frilled lizards (D:1)
18 creatures vanquished.

Notes
Turn   | Place    | Note
-------+----------+-------------------------------------------
     0 | D:1      | qw the Minotaur Hexslinger began the quest for the Orb.
     0 | D:1      | Reached XP level 1. HP: 16/16 MP: 1/1
     0 | D:1      | 0 ||| qw: Version: 0.3-a-51-g015441d
     0 | D:1      | 0 ||| qw: Game counter: 4063
     0 | D:1      | 0 ||| qw: Melee chars always use a shield: true
     0 | D:1      | 0 ||| qw: God list: Okawaru
     0 | D:1      | 0 ||| qw: Allow faded altars: false
     0 | D:1      | 0 ||| qw: Do Orc after clearing Dungeon:15 true
     0 | D:1      | 0 ||| qw: Do second Lair branch before Depths: true
     0 | D:1      | 0 ||| qw: Lair rune preference: random
     0 | D:1      | 0 ||| qw: Goals: Normal
     0 | D:1      | 0 ||| PLANNING D:1-11
    50 | D:1      | Reached skill level 3 in Ranged Weapons
    50 | D:1      | Reached XP level 2. HP: 23/23 MP: 2/2
   148 | D:1      | HP: 5/24 [jackal (2)]
   148 | D:1      | Frozen to death by an endoplasm

Levels and vault maps discovered:
D:1:      eino_arrival_tree_alley, layout_rooms

Skill      XL: |  1  2 |
---------------+-------+-----
Ranged Weapons | 3 |  3.2
Fighting       | 2 |  2.0
Dodging        | |  2.1
Spellcasting   | |  1.0
Hexes          | |  2.0

Action                     || total
---------------------------++-------
   Fire: Sling             ||    53
 Armour: Robe              ||     7
  Dodge: Dodged            ||    25

Table legend:
 A = Non-vault XP
 B = Vault XP
 C = Vault XP percentage of total XP
 D = Non-vault monster count
 E = Vault monster count
 F = Vault count percentage of total count
                 A         B        C        D         E       F
            +---------+---------+-------+---------+---------+-------
      Total |      30 |       0 |   0.0 |      18 |       0 |   0.0
            +---------+---------+-------+---------+---------+-------
        D:1 |      30 |       0 |   0.0 |      18 |       0 |   0.0
            +---------+---------+-------+---------+---------+-------
